 Dungeon Crawl Stone Soup version 0.20-a0-274-g7b51309 (webtiles) character file.

249 AlphabetPasta the Bolt Thrower (level 5, -6/45 HPs)
             Began as a Deep Dwarf Arcane Marksman on Dec 13, 2016.
             Mangled by Crazy Yiuf
             ... wielding a +2 quarterstaff of chaos
              (15 damage)
             ... while paralysed by Crazy Yiuf
             ... on level 2 of the Dungeon.
             The game lasted 00:10:24 (1567 turns).

AlphabetPasta the Bolt Thrower (DDAM)               Turns: 1567, Time: 00:10:25

Health: -6/45      AC: 10    Str: 16    XL:     5   Next: 87%
Magic:  7/7        EV:  2    Int: 13    God:
Gold:   98         SH:  0    Dex: 12    Spells: 3/6 levels left

rFire  + . .     SeeInvis .     a - +0 hand axe
rCold  . . .     Gourm    .     n - +0 chain mail
rNeg   . . .     Faith    .     (no shield)
rPois  .         Spirit   .     t - +0 helmet
rElec  .         Reflect  .     (no cloak)
rCorr  .         Harm     .     (no gloves)
MR     .....                    (no boots)
Stlth  ..........               (no amulet)
                                p - ring of protection from fire
                                h - +1 ring of protection

@: paralysed, lethally poisoned (-6 -> -6), non-regenerating
A: damage resistance, recharge devices, sense surroundings 1, slow regeneration
3
a: Device Recharging


You were on level 2 of the Dungeon.
You were not hungry.

You visited 1 branch of the dungeon, and saw 2 of its levels.

You collected 98 gold pieces.

Inventory:

Hand Weapons
 a - a +0 hand axe (weapon)
 b - a +0 hand crossbow
 i - a +0 mace
Missiles
 d - 23 bolts
Armour
 g - a +0 robe
 m - a +1 ring mail
 n - a +0 chain mail (worn)
 o - a +0 plate armour
 t - a +0 helmet (worn)
Jewellery
 h - a +1 ring of protection (left hand)
 p - a ring of protection from fire (right hand)
Wands
 e - a wand of heal wounds (5/9)
Scrolls
 k - 3 scrolls of remove curse
 q - a scroll of enchant armour
 s - a scroll of identify
Potions
 r - 2 potions of curing
Books
 c - a book of Debilitation

   Spells                             Type                      Level
   a - Corona                         Hexes                        1
   b - Slow                           Hexes                        2
   c - Gell's Gravitas                Hexes/Translocation          3
   d - Inner Flame                    Hexes/Fire                   3
   e - Cause Fear                     Hexes                        4
   f - Leda's Liquefaction            Hexes/Earth                  4
Comestibles
 f - 3 bread rations
 j - a slice of pizza
 l - a chunk of flesh


   Skills:
 + Level 1.8 Fighting
 * Level 2.4 Axes
 * Level 4.1 Crossbows
 + Level 1.9 Armour
 + Level 2.9 Dodging
 + Level 1.4 Spellcasting
 + Level 2.9 Hexes


You had 3 spell levels left.
You knew the following spells:

 Your Spells              Type           Power        Failure   Level  Hunger
a - Corona                Hex            #......      98%         1    ##.....
b - Slow                  Hex            #.......     99%         2    ###....


Dungeon Overview and Level Annotations

Branches:
Dungeon (2/15)

Altars:

Annotations:
D:2 Crazy Yiuf


Innate Abilities, Weirdness & Mutations

You are resistant to damage.
You can recharge devices by infusing magical energy.
You passively map a small area around you.
You do not regenerate.


Message History

Space bends around you.
Wield which item (- for none, * to show all)? (? for menu, Esc to quit)
a - a +0 hand axe (weapon)
You hit Crazy Yiuf but do no damage.
Crazy Yiuf is severely wounded.
You feel less confused.
Crazy Yiuf hits you with a quarterstaff of chaos.
You suddenly lose the ability to move!
Crazy Yiuf hits you but does no damage.
Crazy Yiuf whimpers, "Paint leg high!"
Crazy Yiuf hits you with a quarterstaff of chaos!
Crazy Yiuf freezes you.
Crazy Yiuf hits you with a quarterstaff of chaos.
* * * LOW HITPOINT WARNING * * *
Crazy Yiuf hits you with a quarterstaff of chaos.
* * * LOW HITPOINT WARNING * * *
You are poisoned.
Crazy Yiuf hits you with a quarterstaff of chaos.
You are electrocuted!
You die...

#.############.#
#.# #.# #.# #.# #.#
### #.#
#.##########
#........#.###**###
###.......#..##...#
#......####@g..(#
##....## ###..)#
###### **### ###
### #.# #.# #.# #.#
#.# #.######


You could see Crazy Yiuf.

Vanquished Creatures
  Sigmund (D:2)
  Terence (D:2)
  2 adders (D:2)
  A worm (D:2)
  5 dart slugs
  A leopard gecko (D:2)
  3 bats
  3 giant cockroaches (D:1)
  6 hobgoblins
  2 quokkas (D:2)
  2 ball pythons (D:1)
  3 frilled lizards
  7 goblins
  5 kobolds
  8 rats
50 creatures vanquished.

Notes
Turn   | Place    | Note
-------+----------+-------------------------------------------
     0 | D:1      | AlphabetPasta the Deep Dwarf Arcane Marksman began the quest for the Orb.
     0 | D:1      | Reached XP level 1. HP: 16/16 MP: 2/2
     2 | D:1      | Noticed a tengu
     2 | D:1      | Noticed a vampire
     4 | D:1      | Noticed a spriggan
     4 | D:1      | Noticed a human
     6 | D:1      | Noticed a formicid
     6 | D:1      | Noticed a centaur
     8 | D:1      | Noticed an octopode
     8 | D:1      | Noticed a merfolk
    10 | D:1      | Noticed a draconian
    12 | D:1      | Noticed a troll
    12 | D:1      | Noticed a ghoul
    16 | D:1      | Noticed an ogre
    16 | D:1      | Noticed a gargoyle
    18 | D:1      | Noticed an elf
    18 | D:1      | Noticed a halfling
    20 | D:1      | Noticed a dwarf
    20 | D:1      | Noticed a minotaur
    22 | D:1      | Noticed a vine stalker
    24 | D:1      | Noticed a demonspawn
    24 | D:1      | Noticed a felid
    26 | D:1      | Noticed a naga
    26 | D:1      | Noticed a demigod
    62 | D:1      | Reached skill level 1 in Fighting
   128 | D:1      | Reached XP level 2. HP: 13/25 MP: 3/3
   132 | D:1      | Learned a level 2 spell: Slow
   524 | D:1      | Reached skill level 1 in Armour
   555 | D:1      | Reached XP level 3. HP: 13/31 MP: 4/4
   725 | D:2      | Reached skill level 3 in Crossbows
   803 | D:2      | Noticed Terence
   830 | D:2      | Killed Terence
   871 | D:2      | Reached skill level 1 in Axes
   879 | D:2      | Reached XP level 4. HP: 34/38 MP: 5/5
  1018 | D:2      | Noticed Sigmund
  1024 | D:2      | Killed Sigmund
  1024 | D:2      | Reached skill level 4 in Crossbows
  1024 | D:2      | Reached XP level 5. HP: 33/45 MP: 5/7
  1552 | D:2      | Found a runed door.
  1556 | D:2      | Noticed Crazy Yiuf
  1562 | D:2      | Paralysed by Crazy Yiuf for 6 turns
  1567 | D:2      | Mangled by Crazy Yiuf

Vault maps used:
D:1:      kb_arrival_jail
D:2:      first_bread, minmay_vboxes, uniq_crazy_yiuf_cottage, uniq_sigmund,
          uniq_terence

Skill      XL: |  1  2  3  4 |
---------------+-------------+-----
Fighting       | 1 |  1.8
Armour         | 1 |  1.9
Crossbows      | 3 4 |  4.1
Axes           | 1 2 |  2.4
Dodging        | |  2.9
Spellcasting   | |  1.4
Hexes          | |  2.9

Action                   |  1- 3 |  4- 6 || total
-------------------------+-------+-------++-------
Melee: Hand axe          |       |     4 ||     4
 Fire: Hand crossbow     |    85 |    52 ||   137
  Use: Scroll            |     5 |     3 ||     8
       Potion            |     1 |       ||     1
  Eat: Chunk             |       |     2 ||     2
Armor: Ring mail         |     8 |     1 ||     9
       Chain mail        |       |     6 ||     6
Dodge: Dodged            |    27 |     6 ||    33
